 Dungeon Crawl Stone Soup version 0.28.0-53-g5a82cb258f (webtiles) character file.

Game seed: 10021740527157977710

46 Tirrikindir the Skirmisher (level 3, 26/26 HPs)
             Began as an Octopode Fighter on Aug 19, 2022.
             Was a Follower of Fedhas.
             Got out of the dungeon alive.
             The game lasted 00:02:04 (1707 turns).

Tirrikindir the Skirmisher (Octopode Fighter)       Turns: 1707, Time: 00:02:05

Health: 26/26      AC:  1    Str: 15    XL:     3   Next: 68%
Magic:  3/3        EV: 13    Int: 10    God:    Fedhas [*.....]
Gold:   57         SH:  4    Dex: 13    Spells: 2/2 levels left

rFire   . . .      SeeInvis .   e - +0 scimitar
rCold   . . .      Faith    .   b - +0 buckler
rNeg    . . .      Spirit   .   (helmet restricted)
rPois   +          Reflect  .   (no amulet)
rElec   .          Harm     .   f - ring of poison resistance
rCorr   .          Rampage  .   (no ring)
Will    .....                   (no ring)
Stlth   +++.......              (no ring)
HPRegen 0.08/turn               (no ring)
MPRegen 0.08/turn               (no ring)
                                (no ring)
                                (no ring)

@: no status effects
A: almost no armour, amphibious, 8 rings, camouflage 1, gelatinous body 1,
(nimble swimmer 1), tentacles
a: Renounce Religion


You escaped.
You worshipped Fedhas.
Fedhas was aware of your devotion.
You visited 1 branch of the dungeon, and saw 2 of its levels.

You collected 57 gold pieces.

Inventory:

Hand Weapons
 e - a +0 scimitar (weapon)
Armour
 b - a +0 buckler (worn)
Jewellery
 f - a ring of poison resistance (left tentacle)
Scrolls
 h - a scroll of teleportation {unknown}
Potions
 a - a potion of brilliance {unknown}
 c - a potion of might
 d - a potion of invisibility {unknown}
 g - a potion of curing {unknown}


   Skills:
 + Level 3.2 Fighting
 * Level 2.7 Long Blades
 + Level 3.2 Dodging
 + Level 1.8 Stealth
 + Level 3.2 Shields


You had 2 spell levels left.
You didn't know any spells.
Your spell library was empty.

Dungeon Overview and Level Annotations

Branches:
Dungeon (2/15)

Altars:
Fedhas


Innate Abilities, Weirdness & Mutations

You cannot wear most types of armour.
You are amphibious.
You can wear up to eight rings at the same time.
Your skin changes colour to match your surroundings (Stealth+).
Your rubbery body absorbs attacks. (AC +1, EV +1)
((You are camouflaged when in or above water. (Stealth+)))
You have tentacles for arms and can constrict up to eight enemies at once.


Message History

You kill the worm!
f - a ring of poison resistance A kobold comes into view.
It is wielding a +0 short sword.
The helpless kobold fails to defend itself.
You slash the kobold!
You kill the kobold!
Things that are here:
a +0 short sword; 3 stones; a kobold corpse
f - a ring of poison resistance (left tentacle)
g - a dark potion You see here a +0 leather armour.
Found a faded altar of an unknown god.
A hobgoblin comes into view.
Found a scroll labelled CIPUSU RAHIDE.
There is a faded altar of an unknown god here.
You see here 7 gold pieces.
You now have 57 gold pieces (gained 7).
The hobgoblin completely misses you.
You slash the hobgoblin!
You kill the hobgoblin!
You see here a hobgoblin corpse.
There is a faded altar of an unknown god here.
You cannot tell which god this altar belongs to.
Convert to them anyway?
Fedhas accepts your prayer! Fedhas welcomes you!
The plants of the dungeon cease their hostilities.
h - a scroll labelled CIPUSU RAHIDE
Things that are here:
a +0 dagger of draining; 3 stones
Found a stone staircase leading down.
(D) Dungeon
Where to? (Enter - D:2, ? - help)
What level of the Dungeon? (default 1, ? - help)
There is a stone staircase leading up here.
You climb upwards.
There is a stone staircase leading down here.
You open the door.
There is an open door here.
There is a staircase leading out of the dungeon here.
Are you sure you want to leave the Dungeon?
This will make you lose the game!
You have escaped!

#.# ###.............)####.#..####
#.# #................# ##.#.# #.#
#.#.################ #.#.# #.#
######.............#####.#
#.####..........⌠..........###
#.##...⌠.................⌠...##
###........⌠.........⌠........##
.#.............................#
.#...⌠..........@..........⌠...##
.#.............................#.
.##........⌠.........⌠........###
..##...⌠......(..........⌠...###
######..........⌠..........###.#
### ##'##...........[.##'####.#
..# #..###############.....#.#
#.# #....................#.#.#
#.# #######.#......#######.#.#


There were no monsters in sight!

Vanquished Creatures
  2 adders (D:2)
  A worm (D:2)
  A dart slug (D:2)
  2 endoplasms (D:1)
  A giant cockroach (D:1)
  7 hobgoblins
  2 ball pythons
  2 frilled lizards
  3 kobolds
  4 rats
25 creatures vanquished.

Notes
Turn   | Place    | Note
-------+----------+-------------------------------------------
     0 | D:1      | Tirrikindir the Octopode Fighter began the quest for the
                  | Orb.
     0 | D:1      | Reached XP level 1. HP: 16/16 MP: 1/1
   208 | D:1      | Reached XP level 2. HP: 5/21 MP: 2/2
   211 | D:1      | Reached skill level 1 in Stealth
  1102 | D:2      | Reached XP level 3. HP: 16/26 MP: 3/3
  1245 | D:2      | Found the +2 ratskin cloak {*Rats rPois rN+ Str-1 Int-1
                  | Dex+1}
  1598 | D:2      | Found a faded altar of an unknown god.
  1611 | D:2      | Prayed at the altar of an unknown god.
  1611 | D:2      | Became a worshipper of Fedhas Madash
  1611 | D:2      | Reached * piety under Fedhas
  1707 | D:$      | Got out of the dungeon alive.

Illustrated notes

Levels and vault maps discovered:
D:1:      dpeg_arrival_water_temple_mockup, layout_loops_ring, minmay_surrounded
D:2:      layout_rooms, dreamdust_ecumenical_altar_statues

Skill      XL: |  1  2 |
---------------+-------+-----
Stealth        | 1 |  1.8
Fighting       | |  3.2
Long Blades    | |  2.7
Dodging        | |  3.2
Shields        | |  3.2

Action                   || total
-------------------------++-------
Melee: Long sword        ||    19
       Constrict         ||    12
       Tentacles         ||     9
       Scimitar          ||    26
  Use: Scroll            ||     1
 Stab: Sleeping          ||     3
Dodge: Dodged            ||    36
Block: Buckler           ||     5
